 Dungeon Crawl Stone Soup version 0.16.1-30-g34a7ffa (webtiles) character file.

3171 theElss the Thaumaturge (level 9, -11/47 HPs)
             Began as a Deep Elf Conjurer on June 25, 2015.
             Mangled by a wyvern (14 damage)
             ... on level 8 of the Dungeon.
             The game lasted 00:50:52 (10348 turns).

theElss the Thaumaturge (Deep Elf Conjurer)        Turns: 10348, Time: 00:50:53

Health: -11/47     AC:  2    Str:  8    XL:     9   Next: 63%
Magic:  14/31      EV: 15    Int: 24    God:
Gold:   413        SH:  4    Dex: 15    Spells: 4 memorised, 19 levels left

rFire  . . .     SeeInvis .     (no weapon)
rCold  . . .     Clarity  .     a - +0 robe
rNeg   . . .     SustAb   .     I - +0 buckler
rPois  .         Gourm    .     (no helmet)
rElec  .         Spirit   .     (no cloak)
rCorr  .         Warding  .     (no gloves)
rMut   .         Stasis   .     (no boots)
MR     .....                    (no amulet)
Stlth  ++........               (no ring)
                                y - +3 ring of strength (curse)

@: very slightly contaminated, not resistant to hostile enchantments, unstealthy
A: no striking features
a: no special abilities


You were on level 8 of the Dungeon.
You were not hungry.

You visited 2 branches of the dungeon, and saw 9 of its levels.

You collected 413 gold pieces.

Inventory:

Armour
 a - a +0 robe (worn)
 m - a +0 large shield
 t - a +0 leather armour
 I - a +0 buckler (worn)
Jewellery
 y - a cursed +3 ring of strength (left hand)
Magical devices
 i - a wand of slowing (31)
 z - a wand of frost (21)
 B - a wand of frost (11)
 C - a wand of random effects (4)
 E - a wand of frost (15)
 J - a wand of enslavement (4)
Scrolls
 l - 2 scrolls of fog
 n - a scroll of noise
 p - 2 scrolls of teleportation
 s - a scroll of amnesia
 u - 2 scrolls of blinking
 v - 2 scrolls of enchant armour
 w - 4 scrolls of remove curse
 A - a scroll of brand weapon {unknown}
 L - 2 scrolls of magic mapping {unknown}
Potions
 e - a potion of might
 f - a potion of resistance
 h - a potion of ambrosia
 k - 2 potions of haste
 q - 2 potions of brilliance
 r - 2 potions of mutation
 D - 3 potions of poison {unknown}
 F - 3 potions of curing
 H - a potion of cancellation {unknown}
 K - a potion of berserk rage {unknown}
Books
 c - a book of Conjurations

   Spells                             Type                      Level
   a - Magic Dart                     Conjuration                  1
   b - Searing Ray                    Conjuration                  2
   c - Dazzling Spray                 Conjuration/Hexes            3
   d - Fulminant Prism                Conjuration/Hexes            4
   e - Iskenderun's Mystic Blast      Conjuration                  4
   f - Iskenderun's Battlesphere      Conjuration/Charms           5
 d - a book of Changes

   Spells                             Type                      Level
   a - Beastly Appendage              Transmutation                1
   b - Sticks to Snakes               Transmutation                2
   c - Spider Form                    Transmutation/Poison         3
   d - Ice Form                       Ice/Transmutation            4
   e - Blade Hands                    Transmutation                5
 x - a book of Burglary

   Spells                             Type                      Level
   a - Swiftness                      Charms/Air                   2
   b - Passwall                       Transmutation/Earth          3
   c - Passage of Golubria            Translocation                4
   d - Lee's Rapid Deconstruction     Earth                        5
   e - Invisibility                   Hexes                        6
   f - Darkness                       Hexes                        7
Comestibles
 b - 5 bread rations
 g - 2 meat rations
 j - a slice of pizza
 o - 2 fruits
 G - 2 beef jerkies


   Skills:
 - Level 1.3 Fighting
 + Level 5.8 Dodging
 - Level 2.4 Stealth
 - Level 1.4 Shields
 * Level 11.7 Spellcasting
 * Level 10.5 Conjurations


You had 19 spell levels left.
You knew the following spells:

 Your Spells              Type           Power        Failure   Level  Hunger
a - Magic Dart            Conj           ####         1%          1    None
b - Iskenderun's Battles  Conj/Chrm      #####...     21%         5    ###....
c - Searing Ray           Conj           ######       1%          2    None
d - Iskenderun's Mystic   Conj           ######..     1%          4    None


Dungeon Overview and Level Annotations

Branches:
Dungeon (8/15)             Temple (1/1) D:6
   Lair: D:8-11

Altars:
Ashenzari
Cheibriados
Dithmenos
Elyvilon
Fedhas
Gozag
Kikubaaqudgha
Makhleb
Okawaru
Qazlal
Ru
Sif Muna
Trog
Xom
Yredelemnul
Zin
The Shining One


Message History

You conjure a globe of magical energy.
The wyvern bites you!
Casting: Iskenderun's Battlesphere
Confirm with . or Enter, or press ? or * to list all spells.
Aiming: Searing Ray
Press: ? - help, Shift-Dir - straight line, f - wyvern
Aim: a wyvern The searing ray hits the wyvern.
The wyvern is lightly wounded.
Your battlesphere fires!
The barrage of energy hits the wyvern.
The wyvern is moderately wounded.
The wyvern bites you! x2
* * * LOW HITPOINT WARNING * * *
The searing ray hits the wyvern.
The wyvern is severely wounded.
Your battlesphere fires!
The barrage of energy hits the wyvern.
The wyvern is severely wounded.
The wyvern bites you!
You die...

. #............. ....
#.............. .....
#.............. ......
+....(...>..... .......
#............... .......
###'###.....>...
.......#+###....#<...#####
#.......#........#....#
+.....*..D@......+....#
#..........##....#....#
#######.#+##....#....# ##.
#....#....# . .....#....#
.. .....+....# .. .....#..
..% . #


You could see a wyvern.

Vanquished Creatures
  Grinder (D:6)
  A hippogriff (D:7)
  Eustachio (D:4)
  A water moccasin (D:7)
  A black bear (D:7)
  2 sky beasts
  3 orc warriors
  A necrophage (D:6)
  2 ogres
  An ice beast (D:6)
  A centaur (D:7)
  The ghost of heinrich the Conjurer, an average OpCj (D:3)
  2 giant frogs
  A gnoll sergeant (D:6)
  A water moccasin skeleton (D:7)
  A quasit (D:5)
  2 orc priests
  3 crimson imps (D:6)
  A jelly (D:6)
  A hound (D:7)
  A giant frog zombie (D:5)
  2 iguanas
  12 orc wizards
  Natasha (thrice) (D:5)
  6 worker ants
  A killer bee zombie (D:5)
  Ijyb (D:2)
  2 hound zombies
  Terence (D:2)
  2 hound skeletons
  4 gnolls (D:6)
  11 adders
  2 shadow imps
  A giant mite (D:5)
  A worm (D:4)
  An adder skeleton (D:4)
  6 giant geckos
  20 orcs
  9 giant cockroaches
  14 goblins
  16 hobgoblins
  21 jackals
  11 kobolds
  2 oozes
  4 quokkas
  2 ball pythons
  11 bats
  A giant gecko zombie (D:5)
  9 giant newts
  13 rats
218 creatures vanquished.

Vanquished Creatures (others)
  An orc (D:7)
  A goblin (D:7)
2 creatures vanquished.

Grand Total: 220 creatures vanquished

Notes
Turn   | Place    | Note
--------------------------------------------------------------
     0 | D:1      | theElss, the Deep Elf Conjurer, began the quest for the Orb.
     0 | D:1      | Reached XP level 1. HP: 10/10 MP: 5/5
   313 | D:1      | Reached XP level 2. HP: 16/16 MP: 4/8
   352 | D:1      | Learned a level 2 spell: Searing Ray
   660 | D:1      | Reached skill level 5 in Conjurations
  1108 | D:1      | Reached XP level 3. HP: 18/20 MP: 4/11
  1451 | D:2      | Noticed Ijyb
  1639 | D:2      | Noticed Terence
  2055 | D:2      | Reached XP level 4. HP: 21/24 MP: 11/14
  2082 | D:2      | Learned a level 4 spell: Iskenderun's Mystic Blast
  2095 | D:2      | Reached skill level 1 in Fighting
  2696 | D:3      | Reached XP level 5. HP: 29/29 MP: 15/18
  2709 | D:3      | Learned a level 5 spell: Iskenderun's Battlesphere
  2809 | D:3      | Found a bloodstained altar of Trog.
  2855 | D:3      | Reached skill level 1 in Shields
  2951 | D:3      | Noticed heinrich's ghost (average OpCj)
  3028 | D:4      | Found a basalt altar of Yredelemnul.
  3031 | D:4      | Noticed Eustachio
  3332 | D:4      | Found a shattered altar of Ashenzari.
  3453 | D:4      | Found a shadowy altar of Dithmenos.
  3499 | D:3      | Found a blossoming altar of Fedhas.
  3607 | D:5      | Entered Level 5 of the Dungeon
  3758 | D:5      | Reached skill level 5 in Spellcasting
  3758 | D:5      | Reached skill level 6 in Conjurations
  3758 | D:5      | Reached XP level 6. HP: 34/34 MP: 15/21
  3854 | D:5      | Noticed Natasha
  3860 | D:5      | Killed Natasha
  4036 | D:5      | Noticed a yak
  4211 | D:5      | Noticed a sky beast
  4216 | D:5      | Killed a sky beast
  4280 | D:5      | Found a deep blue altar of Sif Muna.
  4427 | D:5      | Reached XP level 7. HP: 30/38 MP: 14/24
  4620 | D:5      | Noticed Natasha
  4623 | D:5      | Killed Natasha
  4669 | D:5      | Noticed Natasha
  4669 | D:5      | Killed Natasha
  4691 | D:5      | Reached skill level 7 in Conjurations
  5611 | D:6      | Reached skill level 8 in Spellcasting
  5667 | D:6      | Reached XP level 8. HP: 43/43 MP: 18/27
  5858 | D:6      | Noticed Grinder
  5870 | D:6      | Noticed a white ugly thing
  5995 | D:6      | Reached skill level 9 in Spellcasting
  6065 | D:7      | Found a white marble altar of Elyvilon.
  6177 | D:7      | Reached skill level 5 in Dodging
  6533 | D:7      | Reached skill level 10 in Spellcasting
  6851 | D:7      | Reached XP level 9. HP: 37/47 MP: 18/30
  7639 | D:2      | Killed Terence
  7743 | D:2      | Killed Ijyb
  7884 | D:3      | Found an opulent altar of Gozag.
  8098 | D:3      | Found an opulent altar of Gozag.
  8151 | D:3      | Killed heinrich's ghost
  8187 | D:3      | Found a bloodstained altar of Trog.
  8340 | D:4      | Found a stormy altar of Qazlal.
  8374 | D:4      | Noticed an ogre
  8377 | D:4      | Killed an ogre
  8438 | D:4      | Found an ancient bone altar of Kikubaaqudgha.
  8655 | D:4      | Found an ancient bone altar of Kikubaaqudgha.
  8721 | D:4      | Found a basalt altar of Yredelemnul.
  8791 | D:4      | Found a shadowy altar of Dithmenos.
  8854 | D:4      | Killed Eustachio
  8854 | D:4      | Reached skill level 11 in Spellcasting
  8854 | D:4      | Reached skill level 10 in Conjurations
  9114 | D:6      | Killed Grinder
  9467 | D:6      | Found a staircase to the Ecumenical Temple.
  9497 | Temple   | Entered the Ecumenical Temple
  9897 | D:6      | Found a burning altar of Makhleb.
 10348 | D:8      | Mangled by a wyvern

Action                   |  1- 3 |  4- 6 |  7- 9 || total
-------------------------+-------+-------+-------++-------
Melee: Unarmed           |       |     1 |       ||     1
 Cast: Magic Dart        |    92 |    83 |   229 ||   404
       Searing Ray       |     4 |    23 |    47 ||    74
       Iskenderun's Batt |       |       |    19 ||    19
  Use: Potion            |     3 |       |       ||     3
       Scroll            |     2 |       |    13 ||    15
  Eat: Chunk             |     4 |     7 |    20 ||    31
       Pizza             |       |       |     1 ||     1
